 Dungeon Crawl Stone Soup version 0.30-a0-760-g5a9884bb7c (webtiles) character file.

Game seed: 15805483407780616871

53 sircluck the Vexing (level 3, 0/28 HPs)
             Began as a Gnoll Hexslinger on Feb 10, 2023.
             Slain by Pargi (1 damage)
             ... in a sewer.
             The game lasted 00:02:54 (689 turns).

sircluck the Vexing (Gnoll Hexslinger)               Turns: 689, Time: 00:02:54

Health: 0/28       AC:  2    Str:  9    XL:     3   Next: 89%
Magic:  3/7        EV: 13    Int: 12    God:
Gold:   58         SH:  0    Dex: 14    Spells: 6/7 levels left

rFire   . . .      SeeInvis .    a - +1 sling
rCold   . . .      Faith    .    (no shield)
rNeg    . . .      Spirit   .    c - +0 robe
rPois   .          Reflect  .    (no helmet)
rElec   .          Harm     .    (no cloak)
rCorr   .          Rampage  .    (no gloves)
Will    .....                    (no boots)
Stlth   +                        (no amulet)
HPRegen 0.24/turn                (no ring)
MPRegen 0.10/turn                (no ring)

@: very slow
A: fangs 1, strong nose, distributed training
a: no special abilities


You were in a sewer.
You visited 1 branch of the dungeon, and saw 4 of its levels.
You also visited: Sewer.

You collected 58 gold pieces.

Inventory:

Hand Weapons
 a - a +1 sling (weapon)
Missiles
 d - 3 stones
Armour
 c - a +0 robe (worn)
 e - a +0 kite shield
Jewellery
 i - a +5 ring of evasion
 j - an amulet of reflection
Scrolls
 b - a scroll of poison
 h - a scroll of identify {unknown}
 l - 2 scrolls of fog {unknown}
 o - a scroll of enchant weapon {unknown}
 p - a scroll of blinking {unknown}
Potions
 f - a potion of haste {unknown}
 g - a potion of brilliance {unknown}
 k - a potion of invisibility {unknown}
 m - a potion of cancellation {unknown}
 n - 2 potions of heal wounds {unknown}


   Skills:
 + Level 2.7 Fighting
 + Level 1.0 Short Blades
 + Level 1.0 Long Blades
 + Level 1.0 Axes
 + Level 1.0 Maces & Flails
 + Level 1.0 Polearms
 + Level 1.0 Staves
 + Level 4.6 Ranged Weapons
 + Level 1.0 Throwing
 + Level 1.0 Armour
 + Level 4.6 Dodging
 + Level 1.0 Stealth
 + Level 1.0 Shields
 + Level 1.0 Unarmed Combat
 + Level 2.9 Spellcasting
 + Level 0.7 Conjurations
 + Level 5.4 Hexes
 + Level 0.7 Summonings
 + Level 0.7 Necromancy
 + Level 0.7 Translocations
 + Level 0.7 Transmutations
 + Level 0.7 Fire Magic
 + Level 0.7 Ice Magic
 + Level 0.7 Air Magic
 + Level 0.7 Earth Magic
 + Level 0.7 Poison Magic
 + Level 1.1 Invocations
 + Level 1.0 Evocations


You had 6 spell levels left.
You knew the following spells:

 Your Spells              Type           Power      Damage    Failure   Level
a - Slow                  Hex            56%        N/A       2%          1

Your spell library contained the following spells:

 Spells                   Type           Power      Damage    Failure   Level
 Inner Flame              Hex/Fire       9%         N/A       21%         3
 Portal Projectile        Hex/Tloc       18%        N/A       21%         3
 Cause Fear               Hex            7%         N/A       26%         4
 Ozocubu's Armour         Ice            3%         N/A       50%         3
 Ozocubu's Refrigeration  Ice            1%         4d7       100%        7


Dungeon Overview and Level Annotations

Branches:
Dungeon (4/15)              Sewer (1/1)
 Temple: D:4-7

Altars:

Annotations:
Sewer Pargi


Innate Abilities, Weirdness & Mutations

You have very sharp teeth.
Your uncanny sense of smell can sniff out nearby items.
Your experience applies equally to all skills.


Message History

Pargi seems to slow down.
Pargi bites you! Pargi claws you. Pargi barely misses you.
Pargi attacks as you move away! Pargi bites you. Pargi claws you. x2
* * * LOW HITPOINT WARNING * * *
You see here a frilled lizard corpse.
Pargi attacks as you move away! Pargi bites you.
* * * LOW HITPOINT WARNING * * *
Pargi claws you.
* * * LOW HITPOINT WARNING * * *
Pargi barely misses you.
You enter the shallow water.
Moving in this stuff is going to be slow.
You enter the shallow water.
Moving in this stuff is going to be slow.
You are too injured to fight recklessly!
Aiming: Slow (safe; 2% risk of failure)
Press: ? - help, Q - select action, (/) - cycle Shift-Dir - straight line, f/p - Pargi
Aim: Pargi (slow, chance to affect: 56%) Pargi seems to slow down.
Aiming: Slow (safe; 2% risk of failure)
Press: ? - help, Q - select action, (/) - cycle Shift-Dir - straight line, f/p - Pargi
Aim: Pargi (slow, chance to affect: 56%) Pargi seems to slow down.
Pargi snarls, "Go!
Away!"
Aiming: Slow (safe; 2% risk of failure)
Press: ? - help, Q - select action, (/) - cycle Shift-Dir - straight line, f/p - Pargi
Aim: Pargi (slow, chance to affect: 56%) Pargi resists with significant effort.
Pargi bites you!
* * * LOW HITPOINT WARNING * * *
Pargi claws you.
* * * LOW HITPOINT WARNING * * *
Pargi barely misses you.
Aiming: Slow (safe; 2% risk of failure)
Press: ? - help, Q - select action, (/) - cycle Shift-Dir - straight line, f/p - Pargi
Aim: Pargi (slow, chance to affect: 56%) Pargi seems to slow down.
Pargi snarls, "Go!
Away!"
Pargi misses you. Pargi claws you.
You die...

##..≈≈.#~≈≈≈≈≈≈≈≈≈≈≈≈≈#
###∩∩###~~≈≈≈≈≈≈≈≈≈≈≈#
##.# #~~≈≈≈≈≈≈≈≈≈≈≈#
### ##..≈≈≈≈≈≈≈≈≈≈#
#.#~≈≈≈≈≈≈≈≈≈≈≈
####~.≈≈≈≈≈≈≈≈#
###~≈≈≈≈≈≈≈# #..≈≈≈≈≈##
##### ##@≈≈≈≈≈≈# #...#
#.T≈≈≈≈≈≈# #.∩.#
##~≈≈≈≈≈≈≈ #...#
##~≈≈≈≈≈≈≈# ##~##
#.≈≈≈≈≈≈≈≈# #~#
##~≈≈≈≈≈≈≈≈# #.#
##~≈≈≈≈≈≈≈≈≈≈ #.#
##~≈≈≈≈≈≈≈≈≈## #.#
#.~≈≈≈≈≈≈≈≈≈≈#


You could see Pargi (slow).

Vanquished Creatures
  3 adders
  2 giant cockroaches
  2 goblins
  2 hobgoblins (D:4)
  3 jackals (D:4)
  A kobold (D:3)
  4 quokkas (D:4)
  4 ball pythons
  3 frilled lizards (Sewer)
  A rat (D:3)
25 creatures vanquished.

Notes
Turn   | Place    | Note
-------+----------+-------------------------------------------
     0 | D:1      | sircluck the Gnoll Hexslinger began the quest for the Orb.
     0 | D:1      | Reached XP level 1. HP: 17/17 MP: 4/4
    37 | D:3      | Reached XP level 2. HP: 19/23 MP: 5/5
   439 | D:4      | Reached XP level 3. HP: 22/28 MP: 7/7
   545 | D:4      | Reached skill level 1 in Invocations
   557 | D:4      | Found a glowing drain.
   568 | Sewer    | Entered a sewer
   595 | Sewer    | Reached skill level 1 in Short Blades
   595 | Sewer    | Reached skill level 1 in Long Blades
   595 | Sewer    | Reached skill level 1 in Axes
   595 | Sewer    | Reached skill level 1 in Maces & Flails
   595 | Sewer    | Reached skill level 1 in Polearms
   595 | Sewer    | Reached skill level 1 in Staves
   595 | Sewer    | Reached skill level 1 in Throwing
   595 | Sewer    | Reached skill level 1 in Armour
   595 | Sewer    | Reached skill level 1 in Stealth
   595 | Sewer    | Reached skill level 1 in Shields
   595 | Sewer    | Reached skill level 1 in Unarmed Combat
   595 | Sewer    | Reached skill level 1 in Evocations
   660 | Sewer    | Noticed Pargi
   688 | Sewer    | HP: 1/28 [Pargi (2)]
   689 | Sewer    | Slain by Pargi

Illustrated notes

Levels and vault maps discovered:
D:1:      dpeg_arrival_tiny_j, layout_basic, minmay_pentomino_q4
D:2:      layout_basic, ebering_ecumenical_altar_mist, serial_shops, shop,
          nicolae_shop_waterfront, nicolae_shop_window_shopping,
          minmay_tree_intersection, hangedman_decor_growths, uniq_robin,
          uniq_jessica
D:3:      layout_loops_ring, uniq_ijyb
D:4:      layout_loops_cross, gup_sewer_entry_bubbles, uniq_crazy_yiuf_cottage
Sewer:    sewer_co_pargi_island

Skill      XL: |  1  2  3 |
---------------+----------+-----
Invocations    | 1 |  1.1
Short Blades   | 1 |  1.0
Long Blades    | 1 |  1.0
Axes           | 1 |  1.0
Maces & Flails | 1 |  1.0
Polearms       | 1 |  1.0
Staves         | 1 |  1.0
Throwing       | 1 |  1.0
Armour         | 1 |  1.0
Stealth        | 1 |  1.0
Shields        | 1 |  1.0
Unarmed Combat | 1 |  1.0
Evocations     | 1 |  1.0
Fighting       | |  2.7
Ranged Weapons | |  4.6
Dodging        | |  4.6
Spellcasting   | |  2.9
Conjurations   | |  0.7
Hexes          | |  5.4
Summonings     | |  0.7
Necromancy     | |  0.7
Translocations | |  0.7
Transmutations | |  0.7
Fire Magic     | |  0.7
Ice Magic      | |  0.7
Air Magic      | |  0.7
Earth Magic    | |  0.7
Poison Magic   | |  0.7

Action                     || total
---------------------------++-------
   Fire: Sling             ||    96
   Cast: Slow              ||    14
 Armour: Robe              ||    13
  Dodge: Dodged            ||    51

Table legend: (Time is in decaauts)
 A = Elapsed time spent in this place.
 B = Non-inter-level travel time spent in this place.
 C = Inter-level travel time spent in this place.
 D = Time resting spent in this place.
 E = Time spent auto-exploring this place.
 F = Levels seen in this place.
 G = Mean time per level.
                   A        B        C        D        E       F      G
               +--------+--------+--------+--------+--------+-----+--------+
         Total |    745 |    598 |    147 |      0 |    294 |   5 |  149.0 |
       Dungeon |    597 |    450 |    147 |      0 |    229 |   4 |  149.2 |
         Sewer |    147 |    147 |      0 |      0 |     65 |   1 |  147.0 |
               +--------+--------+--------+--------+--------+-----+--------+

Top non-repeatable levels by time:
     D:4: 394 daAuts
     D:3: 197 daAuts
   Sewer: 147 daAuts
     D:2: 3 daAuts
     D:1: 2 daAuts
